 Dungeon Crawl Stone Soup version 0.18.1-48-g4cf74bf (webtiles) character file.

2020 tyranidshit the Fighter (level 9, -3/81 HPs)
             Began as a Demonspawn Abyssal Knight on Sept 11, 2016.
             Was an Elder of Lugonu.
             Slain by an orc warrior
             ... wielding a +0 scimitar of holy wrath
              (16 damage)
             ... on level 8 of the Dungeon.
             The game lasted 00:18:50 (5912 turns).

tyranidshit the Fighter (Demonspawn Abyssal Knight) Turns: 5912, Time: 00:18:51

Health: -3/81      AC: 23    Str: 18    XL:     9   Next: 3%
Magic:  20/20      EV: 17    Int: 13    God:    Lugonu [****..]
Gold:   460        SH:  0    Dex: 18    Spells: 0 memorised, 8 levels left

rFire  . . .     SeeInvis .     r - +1 long sword of Suacakk {flame, +Fly rPois}
rCold  + . .     Gourm    +     F - +2 leather armour "Ilyesen" {MP+9}
rNeg   . . .     Faith    .     (no shield)
rPois  +         Spirit   .     f - +2 hat
rElec  .         Dismiss  .     h - +2 cloak
rCorr  .         Reflect  .     B - +2 pair of gloves
SustAt .         Harm     .     C - +2 pair of boots {Fly}
MR     .....                    t - amulet of the gourmand
Stlth  +++.......               n - ring of stealth
                                l - ring of poison resistance

@: agile, not resistant to hostile enchantments, fairly stealthy
A: antennae 1, rough black scales 2, agile 1, cold resistance 1, demonic
guardian 1, powered by pain 1, strong 1
a: Depart the Abyss, Bend Space, Banish, Corrupt, Renounce Religion, Evoke
Flight


You were on level 8 of the Dungeon.
You worshipped Lugonu.
Lugonu was greatly pleased with you.
You were hungry.

You visited 1 branch of the dungeon, and saw 8 of its levels.
You visited the Abyss 1 time.

You collected 460 gold pieces.

Inventory:

Hand Weapons
 a - a +2 hand axe
 r - the +1 long sword of Suacakk (weapon) {flame, +Fly rPois}
   (You found it on level 6 of the Dungeon)

   It has been specially enchanted to burn those struck by it, causing extra
   injury to most foes and up to half again as much damage against particularly
   susceptible opponents.
   Big, fiery blades are also staple armaments of hydra-hunters.
   It protects you from poison.
   It lets you fly.
Armour
 f - a +2 hat (worn)
 h - a +2 cloak (worn)
 m - a +0 pair of boots of flying
 B - a +2 pair of gloves (worn)
 C - a +2 pair of boots of flying (worn)
 F - the +2 leather armour "Ilyesen" (worn) {MP+9}
   (You found it on level 7 of the Dungeon)

   It affects your magic capacity (+9).
Jewellery
 l - a ring of poison resistance (left hand)
 n - a ring of stealth (right hand)
 t - an amulet of the gourmand (around neck)
 D - an uncursed ring of flight
Wands
 e - a wand of iceblast (0/15)
 j - a wand of lightning (5/15)
 z - a wand of flame (26/48)
 E - a wand of paralysis (5/24)
Scrolls
 d - 2 scrolls of identify
 o - 4 scrolls of fog
 v - a scroll of enchant armour
 x - 2 scrolls of teleportation
 y - a scroll of remove curse
 G - a scroll of magic mapping
Potions
 g - a potion of might
 p - 2 potions of curing
 w - a potion of resistance
Books
 b - a book of Frost

   Spells                             Type                      Level
   a - Freeze                         Ice                          1
   b - Throw Frost                    Conjuration/Ice              2
   c - Ozocubu's Armour               Charms/Ice                   3
   d - Throw Icicle                   Conjuration/Ice              4
   e - Summon Ice Beast               Ice/Summoning                4
 q - a book of the Tempests

   Spells                             Type                      Level
   a - Static Discharge               Conjuration/Air              3
   b - Lightning Bolt                 Conjuration/Air              5
   c - Fireball                       Conjuration/Fire             5
   d - Tornado                        Air                          9
   e - Shatter                        Earth                        9
 s - a book of Misfortune

   Spells                             Type                      Level
   a - Confusing Touch                Hexes                        2
   b - Confuse                        Hexes                        3
   c - Gell's Gravitas                Hexes/Translocation          3
   d - Petrify                        Transmutation/Earth          4
   e - Metabolic Englaciation         Hexes/Ice                    5
   f - Yara's Violent Unravelling     Hexes/Transmutation          5
Comestibles
 c - 2 bread rations
 i - 2 meat rations
 k - 7 beef jerkies
 u - 2 slices of pizza


   Skills:
 - Level 11.4 Fighting
 + Level 2.8 Axes
 + Level 2.6 Armour
 - Level 1.1 Dodging
 - Level 2.8 Invocations


You had 8 spell levels left.
You didn't know any spells.

Dungeon Overview and Level Annotations

Branches:
Dungeon (8/15)             Temple (0/1) D:6
   Lair: D:8-11

Altars:
Ashenzari
Cheibriados
Elyvilon
Makhleb
Okawaru
Pakellas
Trog
Xom
Zin
The Shining One


Innate Abilities, Weirdness & Mutations

You have a pair of small antennae on your head.
You are mostly covered in rough black scales (AC +7, Dex -2).
A weak demonic guardian rushes to your aid.
You sometimes gain a little power by taking damage.
You are agile. (Dex +2)
Your flesh is cold resistant.
Your muscles are strong. (Str +2)


Message History

The orc warrior is moderately wounded.
The orc warrior hits you with a scimitar of holy wrath.
You convulse.
Unknown command.
You slash the orc warrior! You burn the orc warrior.
The orc warrior is severely wounded.
The orc warrior barely misses you.
Unknown command.
You hit the orc warrior but do no damage.
The orc warrior is severely wounded.
The orc warrior closely misses you.
Unknown command.
You hit the orc warrior. You burn the orc warrior.
The orc warrior is almost dead.
The orc warrior hits you with a scimitar of holy wrath!!
* * * LOW HITPOINT WARNING * * *
You focus on the pain.
You feel agile all of a sudden.
You convulse!
You die...

#############
...#.(.##...#######
...'...''...'.....+
.#.#...##...###..##
.#.########## ##:#
.#.# #.# .#.# #@##
.#.# #o.# .#.# ##)#
.#.# {..# .#.# ..#
.# ... <# .#.# .#
.#.. .# .##.#


You could see an orc warrior.

Vanquished Creatures
  An ogre (D:5)
  A phantom (D:7)
  3 centaurs
  2 giant frogs (D:7)
  A scorpion (D:5)
  4 killer bees (D:7)
  The ghost of tyranidshit the Skirmisher, a weakling DsAK of Lugonu (D:3)
  2 crimson imps
  A giant frog zombie (D:6)
  3 hounds
  3 orc wizards
  3 orc priests
  A jelly (D:5)
  2 centaur skeletons (D:7)
  2 iguanas (D:6)
  5 worker ants
  Robin (D:4)
  A gnoll (D:2)
  13 adders
  2 shadow imps
  3 oozes
  2 adder skeletons
  2 worms
  2 dart slugs (D:1)
  6 giant geckos
  13 orcs
  9 giant cockroaches
  17 goblins
  9 hobgoblins
  2 jackals (D:3)
  7 kobolds
  2 quokkas (D:4)
  3 ball pythons
  6 bats
  5 giant newts
  4 rats
144 creatures vanquished.

Vanquished Creatures (collateral kills)
  2 ice beasts
  A phantom (D:8)
  A giant frog (D:7)
  A scorpion (D:6)
  A crimson imp (D:6)
  A hound (D:5)
  An iguana (D:6)
  A worker ant (D:6)
  An adder (D:7)
  A dart slug (D:3)
  An orc (D:6)
  A quokka skeleton (D:6)
13 creatures vanquished.

Grand Total: 157 creatures vanquished

Notes
Turn   | Place    | Note
--------------------------------------------------------------
     0 | Abyss:1  | tyranidshit the Demonspawn Abyssal Knight began the quest for the Orb.
     0 | Abyss:1  | Reached XP level 1. HP: 18/18 MP: 2/2
    87 | Abyss:1  | Noticed a ynoxinul
    88 | Abyss:1  | Noticed a hellwing
   100 | Abyss:1  | Noticed a chaos spawn
   103 | D:1      | Escaped the Abyss
   171 | D:1      | Gained mutation: You have a pair of small antennae on your head. [demonic ancestry]
   171 | D:1      | Reached XP level 2. HP: 24/24 MP: 3/3
   261 | D:1      | Reached * piety under Lugonu
   698 | D:2      | Found a glowing silver altar of Zin.
   881 | D:2      | Gained mutation: A weak demonic guardian rushes to your aid. [demonic ancestry]
   881 | D:2      | Reached XP level 3. HP: 18/29 MP: 3/5
   937 | D:2      | Found a burning altar of Makhleb.
  1136 | D:2      | Reached skill level 1 in Dodging
  1195 | D:2      | Reached skill level 4 in Fighting
  1195 | D:2      | Reached XP level 4. HP: 19/37 MP: 6/6
  1369 | D:2      | Found an oddly glowing altar of Pakellas.
  1370 | D:2      | Found a shimmering altar of Xom.
  1380 | D:2      | Found an iron altar of Okawaru.
  1383 | D:2      | Found a white marble altar of Elyvilon.
  1453 | D:2      | Found a snail-covered altar of Cheibriados.
  1746 | D:2      | Reached ** piety under Lugonu
  1949 | D:3      | Gained mutation: Your muscles are strong. (Str +2) [potion of mutation]
  1949 | D:3      | Gained mutation: You are agile. (Dex +2) [potion of mutation]
  1949 | D:3      | Gained mutation: Your flesh is cold resistant. [potion of mutation]
  2013 | D:3      | Noticed tyranidshit's ghost (weakling DsAK)
  2044 | D:3      | Killed tyranidshit's ghost
  2044 | D:3      | Reached skill level 5 in Fighting
  2067 | D:3      | Gained mutation: You sometimes gain a little power by taking damage. [demonic ancestry]
  2067 | D:3      | Reached XP level 5. HP: 24/44 MP: 7/7
  2565 | D:4      | Noticed a centaur
  2593 | D:4      | Killed a centaur
  2593 | D:4      | Reached *** piety under Lugonu
  2593 | D:4      | Reached skill level 6 in Fighting
  2593 | D:4      | Reached XP level 6. HP: 38/53 MP: 8/8
  3008 | D:4      | Reached skill level 7 in Fighting
  3087 | D:4      | Found a shattered altar of Ashenzari.
  3101 | D:4      | Noticed Robin
  3124 | D:4      | Killed Robin
  3221 | D:5      | Entered Level 5 of the Dungeon
  3323 | D:5      | Noticed an ice beast
  3333 | D:5      | Killed an ice beast
  3333 | D:5      | Gained mutation: You are partially covered in rough black scales (AC +4, Dex -1). [demonic ancestry]
  3333 | D:5      | Reached XP level 7. HP: 42/61 MP: 9/9
  3352 | D:5      | Reached skill level 8 in Fighting
  3650 | D:6      | Got an ebony long sword
  3651 | D:6      | Identified the cursed +1 long sword of Suacakk {flame, +Fly rPois} (You found it on level 6 of the Dungeon)
  3770 | D:5      | Reached skill level 9 in Fighting
  4082 | D:5      | Gained mutation: You are mostly covered in rough black scales (AC +7, Dex -2). [demonic ancestry]
  4082 | D:5      | Reached XP level 8. HP: 69/71 MP: 10/10
  4473 | D:6      | Reached **** piety under Lugonu
  4511 | D:6      | Found a staircase to the Ecumenical Temple.
  4691 | D:6      | Reached skill level 10 in Fighting
  4871 | D:6      | Found a glowing golden altar of the Shining One.
  5049 | D:7      | Got a fine leather armour
  5060 | D:7      | Identified the +2 leather armour "Ilyesen" {MP+9} (You found it on level 7 of the Dungeon)
  5352 | D:7      | Reached skill level 11 in Fighting
  5691 | D:8      | Found a bloodstained altar of Trog.
  5866 | D:8      | Reached XP level 9. HP: 81/81 MP: 11/11
  5912 | D:8      | Slain by an orc warrior

Skill      XL: |  1  2  3  4  5  6  7  8 |
---------------+-------------------------+-----
Axes           | 2 |  2.8
Armour         | 2 |  2.6
Dodging        | 1 |  1.1
Fighting       | 4 5 6 7 9 11 | 11.4
Invocations    | |  2.8

Action                   |  1- 3 |  4- 6 |  7- 9 || total
-------------------------+-------+-------+-------++-------
Melee: Hand axe          |   100 |   283 |    64 ||   447
       Long sword        |       |       |   185 ||   185
Invok: Depart the Abyss  |     1 |       |       ||     1
 Abil: Stop Flying       |     1 |       |       ||     1
Evoke: Wand              |       |     6 |     6 ||    12
  Use: Scroll            |     3 |     7 |     9 ||    19
       Potion            |     3 |     6 |     4 ||    13
 Stab: Sleeping          |       |       |     2 ||     2
  Eat: Bread ration      |     1 |     1 |     2 ||     4
Armor: Leather armour    |    15 |       |    89 ||   104
       Ring mail         |    25 |       |       ||    25
       Scale mail        |    27 |   170 |   125 ||   322
Dodge: Dodged            |    68 |   174 |   230 ||   472
